Map: Donnervogel LE

Players

Ender - Winner!

  • Race: Protoss Protoss
  • League: Platinum
  • Spawn Location: 11:00

aeoX

  • Race: Protoss Protoss
  • Spawn Location: 5:00

VOD

Have the link to the VOD?

Description

Time

  • Played on: Nov. 10, 2019, 9:19 a.m.
  • Length: 9:03
Show
View Real Time Build Order
Export as new Build Order

Ender Protoss - Winner!

Build Orders: Double Forge, Blink Stalkers 

Get SALT Encoding   

  12  0:01  Probe  
  13  0:13  Probe  
  14  0:17  Pylon  
  14  0:25  Probe  
  15  0:35  Gateway  
  15  0:38  Probe (Chrono Boost)  
  16  0:43  Assimilator  
  17  0:50  Probe (Chrono Boost)  
  17  0:56  Probe (Chrono Boost)  
  18  1:04  Probe  
  18  1:07  Gateway  
  19  1:22  Cybernetics Core  
  19  1:49  Nexus  
  19  2:02  Stalker  
  19  2:03  Stalker  
  23  2:10  Pylon  
  23  2:15  Assimilator  
  23  2:32  Stalker  
  23  2:33  Stalker  
  23  2:36  Probe (Chrono Boost)  
  28  2:48  Probe (Chrono Boost)  
  29  2:52  Probe (Chrono Boost)  
  30  2:59  Twilight Council  
  30  3:04  Probe x2  
  32  3:16  Probe (Chrono Boost)  
  32  3:17  Probe (Chrono Boost)  
  34  3:20  Warp Gate  
  34  3:25  Probe (Chrono Boost)  
  34  3:26  Probe (Chrono Boost)  
  36  3:30  Probe x2 (Chrono Boost)  
  36  3:33  Blink (Chrono Boost)  
  38  3:50  Gateway  
  38  3:52  Gateway  
  38  3:57  Forge  
  38  4:00  Forge  
  34  4:17  Probe x2  
  32  4:25  Stalker x2  
  32  4:29  Probe x2  
  38  4:34  Pylon  
  38  4:40  Protoss Ground Armor Level 1, Protoss Ground Weapons Level 1  
  38  4:41  Probe x2  
  40  4:53  Probe x2  
  42  5:08  Stalker x3  
  42  5:09  Stalker  
  42  5:12  Probe x2  
  52  5:22  Charge (Chrono Boost)  
  52  5:28  Nexus  
  52  5:30  Pylon  
  52  5:33  Pylon  
  52  5:41  Probe x2  
  54  5:53  Gateway  
  54  5:54  Gateway  
  54  5:58  Gateway  
  54  5:59  Gateway  
  54  6:05  Probe  
  54  6:06  Probe  
  54  6:08  Stalker  
  54  6:09  Stalker x2  
  62  6:11  Stalker  
  64  6:37  Probe  
  64  6:38  Probe  
  66  6:44  Probe  
  67  6:50  Probe x2  
  69  6:56  Probe  
  70  7:01  Zealot x2  
  70  7:02  Zealot x5  
  70  7:08  Pylon  
  84  7:11  Pylon  
  84  7:14  Pylon  
  84  7:17  Pylon  
  84  7:26  Pylon  
  84  7:28  Probe x2  
  86  7:47  Gateway  
  86  7:49  Gateway  
  86  7:50  Gateway  
  86  7:52  Gateway, Zealot x5  
  86  7:53  Zealot x3  
  102  8:00  Probe x3  
  105  8:15  Nexus  
  105  8:16  Pylon  
  105  8:18  Pylon, Stalker x4  
  113  8:20  Pylon  
  109  8:40  Zealot x4  
  109  8:41  Zealot x4  
  121  8:49  Pylon  
  121  8:51  Pylon  
Show
View Real Time Build Order
Export as new Build Order

aeoX Protoss 

Build Orders:  

Get SALT Encoding   

  12  0:01  Probe  
  13  0:14  Probe  
  14  0:21  Pylon  
  14  0:27  Probe (Chrono Boost)  
  15  0:40  Probe (Chrono Boost)  
  15  0:42  Gateway  
  16  0:48  Probe (Chrono Boost)  
  17  0:51  Assimilator  
  17  0:59  Pylon  
  17  1:00  Probe  
  18  1:14  Probe  
  19  1:23  Gateway  
  19  1:29  Cybernetics Core  
  19  1:31  Probe  
  20  1:48  Gateway  
  20  1:54  Gateway  
  20  2:05  Warp Gate, Stalker (Chrono Boost)  
  24  2:20  Stalker (Chrono Boost)  
  24  2:24  Pylon  
  24  2:30  Stalker (Chrono Boost)  
  26  2:47  Assimilator  
  26  2:51  Stalker  
  28  3:05  Stalker  
  27  3:17  Probe (Chrono Boost)  
  29  3:27  Probe (Chrono Boost)  
  29  3:32  Probe (Chrono Boost)  
  30  3:38  Robotics Facility  
  29  3:43  Stalker  
  29  3:59  Stalker  
  29  4:00  Stalker  
  28  4:17  Stalker  
  29  4:35  Probe (Chrono Boost)  
  31  4:46  Probe (Chrono Boost)  
  31  4:51  Probe (Chrono Boost)  
  31  4:56  Immortal (Chrono Boost)  
  36  5:10  Pylon  
  36  5:32  Nexus  
  36  5:37  Pylon  
  36  5:39  Probe  
  37  5:48  Observer  
  38  5:51  Probe  
  39  6:04  Probe  
  40  6:10  Shield Battery  
  40  6:14  Shield Battery  
  40  6:16  Probe  
  40  6:18  Stalker  
  43  6:23  Observer  
  44  6:28  Probe  
  45  6:38  Stalker  
  45  6:39  Stalker  
  49  6:40  Probe (Chrono Boost)  
  49  6:45  Forge  
  50  6:52  Probe (Chrono Boost)  
  52  6:55  Probe (Chrono Boost)  
  52  7:03  Pylon, Probe (Chrono Boost)  
  53  7:14  Probe (Chrono Boost)  
  55  7:17  Probe (Chrono Boost)  
  55  7:19  Robotics Bay  
  55  7:22  Probe (Chrono Boost)  
  56  7:25  Probe (Chrono Boost)  
  56  7:28  Probe  
  57  7:36  Probe  
  58  7:37  Forge  
  58  7:40  Probe  
  58  7:42  Gateway x2  
  59  7:49  Pylon  
  59  7:59  Assimilator  
  59  8:01  Stalker  
  59  8:02  Assimilator  
  59  8:04  Pylon  
  61  8:06  Pylon  
  61  8:15  Stalker  
  63  8:26  Stalker  
  63  8:39  Stalker  
  53  8:47  Zealot  
  53  8:48  Zealot  
  30  8:56  Stalker  
Tags
 
Composition
Blink Stalkers
League
Platinum
Matchup
PvP
Spawn Locations
Cross Positions
Add a new tag
Caveats
  • Supply blocks, unpowered buildings, or Contaminate may cause inaccurate times.
  • Supply counts are checked every 10 seconds.